 Dungeon Crawl Stone Soup version 0.22.0-21-g8bd1b0a76a (webtiles) character file.

632 Elric the Poker (level 7, -7/60 HPs)
             Began as a Gnoll Wanderer on Aug 19, 2018.
             Mangled by an ogre
             ... wielding a +0 giant club
              (10 damage)
             ... on level 4 of the Dungeon.
             The game lasted 00:06:28 (4732 turns).

Elric the Poker (Gnoll Wanderer)                    Turns: 4732, Time: 00:06:28

Health: -7/60      AC: 10    Str: 17 (18) XL:     7   Next: 49%
Magic:  0/10       EV: 11    Int: 11 (12) God:
Gold:   217        SH:  0    Dex: 15      Spells: 11/11 levels left

rFire    . . .     SeeInvis .   t - +0 spear (freeze)
rCold    . . .     Gourm    .   (no shield)
rNeg     . . .     Faith    .   i - +0 scale mail
rPois    .         Spirit   +   m - +0 helmet
rElec    .         Reflect  .   s - scarf {Spirit}
rCorr    .         Harm     .   l - +0 pair of gloves
MR       .....                  r - +0 pair of boots
Stlth    +.........             (no amulet)
HPRegen  0.20/turn              (no ring)
MPRegen  0.12/turn              (no ring)

@: lethally poisoned (-7 -> -9)
A: distributed training, fangs 1, strong nose
a: no special abilities


You were on level 4 of the Dungeon.
You were not hungry.

You visited 1 branch of the dungeon, and saw 4 of its levels.

You collected 217 gold pieces.

Inventory:

Hand Weapons
 b - a +2 blowgun
 d - a +0 spear
 t - a +0 spear of freezing (weapon)
Missiles
 a - a curare-tipped needle
Armour
 e - a +0 robe
 i - a +0 scale mail (worn)
 l - a +0 pair of gloves (worn)
 m - a +0 helmet (worn)
 r - a +0 pair of boots (worn)
 s - a scarf of spirit shield (worn)
Jewellery
 o - an uncursed ring of stealth {unknown}
 x - a cursed ring of attention {unknown}
Wands
 j - a wand of digging (14)
 q - a wand of disintegration (14)
Scrolls
 c - 5 scrolls of teleportation
 g - 5 scrolls of identify {unknown}
 h - a scroll of noise {unknown}
 k - 2 scrolls of amnesia {unknown}
 n - a scroll of fog {unknown}
 p - a scroll of blinking {unknown}
 u - 3 scrolls of enchant armour {unknown}
 y - a scroll of remove curse {unknown}
Potions
 v - a potion of flight {unknown}
Comestibles
 f - 11 rations
 w - 2 chunks of flesh


   Skills:
 + Level 7.0 Fighting
 + Level 2.5 Short Blades
 + Level 2.5 Long Blades
 + Level 2.5 Axes
 + Level 2.5 Maces & Flails
 + Level 7.0 Polearms
 + Level 2.5 Staves
 + Level 2.5 Slings
 + Level 2.5 Bows
 + Level 2.5 Crossbows
 + Level 3.6 Throwing
 + Level 3.6 Armour
 + Level 3.6 Dodging
 + Level 3.4 Stealth
 + Level 2.5 Shields
 + Level 2.5 Unarmed Combat
 + Level 2.5 Spellcasting
 + Level 2.0 Conjurations
 + Level 2.0 Hexes
 + Level 2.0 Charms
 + Level 2.0 Summonings
 + Level 2.0 Necromancy
 + Level 2.0 Translocations
 + Level 2.0 Transmutations
 + Level 2.0 Fire Magic
 + Level 2.0 Ice Magic
 + Level 2.0 Air Magic
 + Level 2.0 Earth Magic
 + Level 2.0 Poison Magic
 + Level 2.7 Invocations
 + Level 2.5 Evocations


You had 11 spell levels left.
You didn't know any spells.
Your spell library was empty.

Dungeon Overview and Level Annotations

Branches:
Dungeon (4/15)
 Temple: D:4-7

Altars:
Kikubaaqudgha
Nemelex Xobeh
Trog

Annotations:
D:4 Natasha


Innate Abilities, Weirdness & Mutations

Your experience applies equally to all skills.
You have very sharp teeth.
Your uncanny sense of smell can sniff out nearby items.


Message History

The ogre is heavily wounded.
You feel sick.
You hit the ogre. You freeze the ogre.
The ogre is severely wounded.
The ogre hits you with a giant club!!
* * * LOW HITPOINT WARNING * * *
You are too injured to fight recklessly!
You hit the ogre but do no damage.
The ogre is severely wounded.
You feel sick. The ogre hits you with a giant club!
* * * LOW HITPOINT WARNING * * *
You are too injured to fight recklessly!
You are too injured to fight recklessly!
You barely miss the ogre.
The ogre is severely wounded.
You are too injured to fight recklessly!
You hit the ogre. You freeze the ogre. You bite the ogre.
The ogre is almost dead.
The ogre hits you with a giant club!
You die...

##########..######.##...
#.##. ##....†.....#.#
.###.##.
#.............##.#...##.
#.....................##.
#.......^.............##.
#.......................>
#...............).....###
#......................##
##......@O.†...>.$.......
##........).............
...##.#####......)...## >
... #.....####### ....
...##### ...## #### ...
##


You could see an ogre.

Vanquished Creatures
  Duvessa (D:4)
  Dowan (D:4)
  An orc priest (D:3)
  Natasha (twice) (D:4)
  An iguana (D:4)
  5 worker ants (D:4)
  Robin (D:3)
  5 adders
  7 gnolls
  3 worms (D:2)
  3 dart slugs
  5 leopard geckos
  8 orcs
  7 giant cockroaches
  17 goblins
  9 hobgoblins
  7 jackals
  A quokka (D:3)
  5 bats
  12 frilled lizards
  14 kobolds
  A leopard gecko skeleton (D:4)
  8 rats
124 creatures vanquished.

Notes
Turn   | Place    | Note
-------+----------+-------------------------------------------
     0 | D:1      | Elric the Gnoll Wanderer began the quest for the Orb.
     0 | D:1      | Elric set off with: 2 curare-tipped needles, a +2 blowgun, a scroll of teleportation, a +0 spear, a +0 robe, a ration
     0 | D:1      | Reached XP level 1. HP: 23/23 MP: 1/1
   133 | D:1      | Reached XP level 2. HP: 23/29 MP: 2/2
   345 | D:1      | Reached XP level 3. HP: 29/35 MP: 3/3
   826 | D:2      | Reached skill level 1 in Invocations
  1034 | D:2      | Reached skill level 1 in Short Blades
  1034 | D:2      | Reached skill level 1 in Long Blades
  1034 | D:2      | Reached skill level 1 in Axes
  1034 | D:2      | Reached skill level 1 in Maces & Flails
  1034 | D:2      | Reached skill level 1 in Staves
  1034 | D:2      | Reached skill level 1 in Slings
  1034 | D:2      | Reached skill level 1 in Bows
  1034 | D:2      | Reached skill level 1 in Crossbows
  1034 | D:2      | Reached skill level 1 in Shields
  1034 | D:2      | Reached skill level 1 in Unarmed Combat
  1034 | D:2      | Reached skill level 1 in Spellcasting
  1034 | D:2      | Reached skill level 1 in Evocations
  1198 | D:2      | Reached XP level 4. HP: 33/41 MP: 5/5
  1434 | D:2      | Reached skill level 1 in Conjurations
  1434 | D:2      | Reached skill level 1 in Hexes
  1434 | D:2      | Reached skill level 1 in Charms
  1434 | D:2      | Reached skill level 1 in Summonings
  1434 | D:2      | Reached skill level 1 in Necromancy
  1434 | D:2      | Reached skill level 1 in Translocations
  1434 | D:2      | Reached skill level 1 in Transmutations
  1434 | D:2      | Reached skill level 1 in Fire Magic
  1434 | D:2      | Reached skill level 1 in Ice Magic
  1434 | D:2      | Reached skill level 1 in Air Magic
  1434 | D:2      | Reached skill level 1 in Earth Magic
  1434 | D:2      | Reached skill level 1 in Poison Magic
  1719 | D:2      | Reached XP level 5. HP: 43/47 MP: 6/6
  1984 | D:2      | Found a bloodstained altar of Trog.
  2374 | D:3      | Found a sparkling altar of Nemelex Xobeh.
  2568 | D:3      | Noticed Robin
  2608 | D:3      | Killed Robin
  2854 | D:3      | Found an ancient bone altar of Kikubaaqudgha.
  2911 | D:3      | Found a faded altar of an unknown god.
  3314 | D:3      | Reached XP level 6. HP: 43/53 MP: 8/8
  3800 | D:4      | Noticed Natasha
  3816 | D:4      | Killed Natasha
  3953 | D:4      | Noticed Natasha
  3961 | D:4      | Killed Natasha
  3987 | D:4      | Noticed Dowan
  4004 | D:4      | Killed Dowan
  4005 | D:4      | Noticed Duvessa
  4083 | D:4      | Killed Duvessa
  4083 | D:4      | Reached XP level 7. HP: 8/60 MP: 1/10
  4665 | D:4      | Noticed Natasha
  4730 | D:4      | HP: 3/60 [ogre/giant club (11)]
  4732 | D:4      | Mangled by an ogre

Skill      XL: |  1  2  3  4  5  6  7 |
---------------+----------------------+-----
Invocations    | 1 2 |  2.7
Short Blades   | 1 2 |  2.5
Long Blades    | 1 2 |  2.5
Axes           | 1 2 |  2.5
Maces & Flails | 1 2 |  2.5
Staves         | 1 2 |  2.5
Slings         | 1 2 |  2.5
Bows           | 1 2 |  2.5
Crossbows      | 1 2 |  2.5
Shields        | 1 2 |  2.5
Unarmed Combat | 1 2 |  2.5
Spellcasting   | 1 2 |  2.5
Evocations     | 1 2 |  2.5
Conjurations   | 1 2 |  2.0
Hexes          | 1 2 |  2.0
Charms         | 1 2 |  2.0
Summonings     | 1 2 |  2.0
Necromancy     | 1 2 |  2.0
Translocations | 1 2 |  2.0
Transmutations | 1 2 |  2.0
Fire Magic     | 1 2 |  2.0
Ice Magic      | 1 2 |  2.0
Air Magic      | 1 2 |  2.0
Earth Magic    | 1 2 |  2.0
Poison Magic   | 1 2 |  2.0
Throwing       | 3 |  3.6
Armour         | 3 |  3.6
Dodging        | 3 |  3.6
Stealth        | 3 |  3.4
Fighting       | 7 |  7.0
Polearms       | 7 |  7.0

Action                   |  1- 3 |  4- 6 |  7- 9 || total
-------------------------+-------+-------+-------++-------
Melee: Spear             |   139 |   374 |    52 ||   565
       Bite              |    18 |    43 |    11 ||    72
       Punch             |     1 |     5 |       ||     6
 Fire: Blowgun           |       |     2 |       ||     2
  Use: Potion            |       |     5 |       ||     5
 Stab: Sleeping          |     3 |     1 |       ||     4
  Eat: Chunk             |       |    10 |     3 ||    13
Armor: Robe              |     5 |       |       ||     5
       Scale mail        |    16 |   109 |    19 ||   144
Dodge: Dodged            |    56 |   155 |    30 ||   241
